 Dungeon Crawl Stone Soup version 0.22.1-2-g9c5b331383 (webtiles) character file.

49 Ihlosi the Ducker (level 4, -2/27 HPs)
             Began as a Kobold Gladiator on Dec 13, 2018.
             Slain by a goblin
             ... wielding a +0 dagger
             ... led by Robin
              (3 damage)
             ... on level 2 of the Dungeon.
             The game lasted 00:02:22 (926 turns).

Ihlosi the Ducker (Kobold Gladiator)                 Turns: 926, Time: 00:02:22

Health: -2/27      AC:  0    Str:  8 (11) XL:     4   Next: 1%
Magic:  4/4        EV: 17    Int:  8 (9)  God:
Gold:   47         SH:  0    Dex: 15 (17) Spells: 3/3 levels left

rFire    . . .     SeeInvis .   (weapon currently unavailable)
rCold    . . .     Gourm    .   (shield currently unavailable)
rNeg     . . .     Faith    .   (armour currently unavailable)
rPois    .         Spirit   .   (helmet currently unavailable)
rElec    .         Reflect  .   (cloak currently unavailable)
rCorr    .         Harm     .   (gloves currently unavailable)
MR       .....                  (boots currently unavailable)
Stlth    ++........             (no amulet)
HPRegen  0.09/turn              (ring currently unavailable)
MPRegen  0.09/turn              (ring currently unavailable)

@: pig-form (expiring), very quick
A: small, carnivore
a: no special abilities


You were on level 2 of the Dungeon.
You were very full.
You were a filthy swine.
You visited 1 branch of the dungeon, and saw 2 of its levels.

You collected 47 gold pieces.

Inventory:

Hand Weapons
 a - a +0 rapier (melded)
Missiles
 d - 3 throwing nets (quivered)
 h - 29 bolts
Armour
 b - a +0 leather armour (melded)
 c - a +0 helmet (melded)
Scrolls
 g - a scroll of blinking {unknown}
 j - 4 scrolls of identify {unknown}
 k - a scroll of teleportation {unknown}
Comestibles
 f - a ration


   Skills:
 * Level 2.6 Fighting
 + Level 4.4 Short Blades
 * Level 2.4 Throwing
 * Level 0.5 Armour
 * Level 4.4 Dodging
 * Level 1.4 Stealth


You had 3 spell levels left.
You didn't know any spells.
Your spell library was empty.

Dungeon Overview and Level Annotations

Branches:
Dungeon (2/15)

Altars:

Annotations:
D:2 Robin


Innate Abilities, Weirdness & Mutations

You are small and have problems with some larger weapons.
You are carnivorous and can eat meat at any time.


Message History

Your transformation is almost over.
The goblin no longer looks unusually strong. x2
Robin zaps a wand.
You resist with some effort. The goblin hits you with a dagger.
* * * LOW HITPOINT WARNING * * *
You barely miss Robin.
Robin is severely wounded.
Robin zaps a wand.
You resist with some effort. The goblin barely misses you.
You hit Robin but do no damage.
Robin is severely wounded.
Robin roars a battlecry!
The goblins go into a battle-frenzy!
The goblin hits you with a dagger.
* * * LOW HITPOINT WARNING * * *
You hit Robin.
Robin is almost dead.
Robin hits you with a mace.
* * * LOW HITPOINT WARNING * * *
The goblin hits you with a dagger.
You die...

######.....#.# ####
#........###.# #
#......#.# #.#
##.##########.###.#
#...........#...#..
#.g..)......###.#..
#.....(.....# #.#
#...........# #g#
#...........###h#
#..###......ggg##
#.. #.....(..g## #.
#..........# #.
#.#####....# ...
......# .###
######.# .# .#


You could see Robin and 4 goblins.

Vanquished Creatures
  A gnoll (D:1)
  An ooze (D:2)
  A dart slug (D:1)
  A leopard gecko (D:1)
  A ball python (D:1)
  A bat (D:1)
  A giant cockroach (D:1)
  5 goblins
  6 hobgoblins
  2 jackals (D:1)
  A frilled lizard (D:1)
  4 kobolds
  3 rats (D:1)
28 creatures vanquished.

Notes
Turn   | Place    | Note
-------+----------+-------------------------------------------
     0 | D:1      | Ihlosi the Kobold Gladiator began the quest for the Orb.
     0 | D:1      | Reached XP level 1. HP: 12/12 MP: 1/1
   227 | D:1      | Reached XP level 2. HP: 17/17 MP: 2/2
   525 | D:1      | Reached XP level 3. HP: 22/22 MP: 3/3
   610 | D:1      | Reached skill level 1 in Stealth
   893 | D:2      | Noticed Robin
   909 | D:2      | Reached XP level 4. HP: 27/27 MP: 4/4
   926 | D:2      | HP: 1/27 [Robin/mace (3)]
   926 | D:2      | Slain by a goblin

Skill      XL: |  1  2  3 |
---------------+----------+-----
Dodging        | 4 |  4.4
Stealth        | 1 |  1.4
Fighting       | |  2.6
Short Blades   | |  4.4
Throwing       | |  2.4
Armour         | |  0.5

Action                   |  1- 3 |  4- 6 || total
-------------------------+-------+-------++-------
Melee: Rapier            |    86 |     1 ||    87
       Unarmed           |       |    14 ||    14
  Use: Potion            |       |     2 ||     2
 Stab: Sleeping          |     2 |       ||     2
  Eat: Chunk             |     8 |       ||     8
Armor: Leather armour    |     8 |       ||     8
Dodge: Dodged            |    82 |    11 ||    93
